 Dungeon Crawl Stone Soup version 0.31-a0-189-ga26ba32dd1 (webtiles) character file.

Game seed: 454091469815841452

52 qw the Shooter (level 3, 0/20 HPs)
             Began as a Deep Elf Hunter on June 23, 2023.
             Slain by a goblin
             ... wielding a +0 club
             ... led by Robin
              (2 damage)
             ... on level 2 of the Dungeon.
             The game lasted 00:00:23 (530 turns).

qw the Shooter (Deep Elf Hunter)                     Turns: 530, Time: 00:00:24

Health: 0/20       AC:  5    Str: 10    XL:     3   Next: 60%
Magic:  5/5        EV: 11    Int: 13    God:
Gold:   70         SH:  0    Dex: 18    Spells: 2/2 levels left

rFire   + . .        Y - +0 shortbow
rCold   . . .        (shield currently unavailable)
rNeg    . . .        g - +0 ring mail
rPois   .            (no helmet)
rElec   .            (no cloak)
rCorr   .            (no gloves)
SInv    .            (no boots)
Will    .....        (no amulet)
Stlth   +            f - ring of protection from fire
HPRegen 0.23/turn    (no ring)
MPRegen 0.09/turn

%: no passive effects
@: no status effects
A: no striking features
a: no special abilities


You were on level 2 of the Dungeon.
You visited 1 branch of the dungeon, and saw 2 of its levels.

You collected 70 gold pieces.


   Skills:
 - Level 1.5 Fighting
 + Level 7.1 Ranged Weapons
 - Level 2.4 Dodging
 - Level 1.2 Stealth


You had 2 spell levels left.
You didn't know any spells.
Your spell library was empty.

Inventory:

Hand Weapons
 Y - a +0 shortbow (weapon)
Armour
 b - a +0 helmet
 g - a +0 ring mail (worn)
Jewellery
 f - a ring of protection from fire (left hand)
Scrolls
 a - a scroll of identify
Potions
 e - a potion of curing {unknown}
 h - a potion of resistance {unknown}

Dungeon Overview and Level Annotations

Branches:
Dungeon (2/15)

Altars:


Message History

You shoot an arrow. The arrow closely misses Robin.
Robin barely misses you.
You shoot an arrow. The arrow hits Robin!
You kill Robin!
Your Ranged Weapons skill increases to level 7!
You shoot an arrow. The arrow hits the hobgoblin.
The hobgoblin is lightly wounded.
The hobgoblin barely misses you.
You shoot an arrow. The arrow closely misses the hobgoblin.
The goblin hits you with a +0 club. The goblin closely misses you.
The hobgoblin hits you but does no damage.
The goblin hits you but does no damage. The hobgoblin closely misses you.
The goblin closely misses you.
You shoot an arrow. The arrow hits the hobgoblin.
You kill the hobgoblin!
The goblin closely misses you. x2
You shoot an arrow. The arrow barely misses the goblin.
The goblin barely misses you. The goblin hits you but does no damage.
The goblin barely misses you.
You shoot an arrow. The arrow hits the goblin.
The goblin is moderately wounded.
A goblin comes into view. It is wielding a +0 club.
The goblin hits you with a +0 club. The goblin misses you.
The goblin barely misses you.
You shoot an arrow.
The arrow hits the goblin but does no damage.
The goblin is moderately wounded.
The goblin hits you with a +0 club. The goblin misses you.
The goblin hits you with a +0 club. The goblin completely misses you.
The goblin hits you but does no damage. The goblin hits you with a +0 club.
You shoot an arrow. The arrow barely misses the goblin.
The arrow hits the goblin!
You kill the goblin!
The goblin barely misses you. The goblin hits you but does no damage.
The goblin hits you with a +0 club.
You shoot an arrow. The arrow closely misses the goblin.
The goblin hits you but does no damage. x2; The goblin barely misses you.
You shoot an arrow. The arrow barely misses the goblin.
The goblin closely misses you. x2; The goblin hits you with a +0 club.
You die...

######.........# ##
#.......######.# ..
#.#####........##.#
#.###########.....##.
#.#..........<........
#.#.#.................
#.#.#.#>..............
#.....)...............
##.##...g@............
#.......gg.........###
#........%.#.........
#....................
#........)#.....##.#.
#........###.#..# .#
##...........##.#
#...........#
#...........###


You could see 3 goblins.

Vanquished Creatures
  Robin (D:2)
  A ball python (D:1)
  2 endoplasms (D:1)
  2 giant cockroaches (D:1)
  5 goblins
  9 hobgoblins
  4 jackals (D:1)
  3 kobolds
  A quokka (D:1)
  2 frilled lizards (D:1)
  5 rats (D:1)
35 creatures vanquished.

Notes
Turn   | Place    | Note
-------+----------+-------------------------------------------
     0 | D:1      | qw the Deep Elf Hunter began the quest for the Orb.
     0 | D:1      | Reached XP level 1. HP: 12/12 MP: 3/3
     0 | D:1      | 0 ||| qw: Version: 0.3-a-9-g12657ce
     0 | D:1      | 0 ||| qw: Game counter: 4455
     0 | D:1      | 0 ||| qw: Always use a shield: true
     0 | D:1      | 0 ||| qw: God list: Okawaru
     0 | D:1      | 0 ||| qw: Allow faded altars: false
     0 | D:1      | 0 ||| qw: Do Orc after D:15 true
     0 | D:1      | 0 ||| qw: Do second Lair branch before Depths: true
     0 | D:1      | 0 ||| qw: Lair rune preference: random
     0 | D:1      | 0 ||| qw: Plans: Normal
     0 | D:1      | 0 ||| PLANNING D:1-11
    26 | D:1      | Reached XP level 2. HP: 16/16 MP: 4/4
    47 | D:1      | Reached skill level 6 in Ranged Weapons
   369 | D:1      | Reached XP level 3. HP: 20/20 MP: 5/5
   400 | D:1      | 400 ||| UPGRADING to +0 ring mail.
   410 | D:1      | 410 ||| DROPPING +0 leather armour.
   411 | D:1      | 411 ||| UPGRADING to ring of protection from fire.
   412 | D:1      | 412 ||| READING 2 scrolls labelled PESUED LYKEUCHEA.
   413 | D:1      | 413 ||| DROPPING scroll of butterflies.
   494 | D:2      | Identified the +1 dagger of qw's Instant Death {antimagic,
                  | rF- rC+ rCorr}
   500 | D:2      | Noticed Robin
   503 | D:2      | 503 ||| FLEEEEING.
   504 | D:2      | 504 ||| FLEEEEING.
   505 | D:2      | 505 ||| FLEEEEING.
   506 | D:2      | 506 ||| FLEEEEING.
   507 | D:2      | 507 ||| FLEEEEING.
   508 | D:2      | 508 ||| FLEEEEING.
   509 | D:2      | 509 ||| FLEEEEING.
   510 | D:2      | 510 ||| FLEEEEING.
   511 | D:2      | 511 ||| FLEEEEING.
   512 | D:2      | 512 ||| FLEEEEING.
   521 | D:2      | Killed Robin
   522 | D:2      | Reached skill level 7 in Ranged Weapons
   527 | D:2      | HP: 5/20 [goblin/+0 club[Robin] (5)]
   528 | D:2      | HP: 1/20 [goblin/+0 club[Robin] (4)]
   530 | D:2      | Slain by a goblin

Levels and vault maps discovered:
D:1:      dpeg_arrival_tiny_a, layout_basic
D:2:      layout_basic, grunt_decor_one_mirror, minmay_misc_feat_room,
          uniq_terence, uniq_natasha, uniq_robin

Skill      XL: |  1  2  3 |
---------------+----------+-----
Ranged Weapons | 6 7 |  7.1
Fighting       | |  1.5
Dodging        | |  2.4
Stealth        | |  1.2

Action                     || total
---------------------------++-------
   Fire: Shortbow          ||    96
    Use: Scroll            ||     1
 Armour: Leather armour    ||     7
         Ring mail         ||     7
  Dodge: Dodged            ||    29

Table legend:
 A = Non-vault XP
 B = Vault XP
 C = Vault XP percentage of total XP
 D = Non-vault monster count
 E = Vault monster count
 F = Vault count percentage of total count
                 A         B        C        D         E       F
            +---------+---------+-------+---------+---------+-------
      Total |      46 |      29 |  38.7 |      27 |       8 |  22.9
            +---------+---------+-------+---------+---------+-------
        D:1 |      43 |       0 |   0.0 |      25 |       0 |   0.0
        D:2 |       3 |      29 |  90.6 |       2 |       8 |  80.0
            +---------+---------+-------+---------+---------+-------
